[ PARTIDA AOE2 · #474760889 ]
UnrankedItalianos vs Byzantines
[ ANÁLISIS DE REPETICIÓN · EXTRAÍDO DE LA PARTIDA GRABADA ]
Feudal
11:22
Castillos
15:15
Imperial
—
| APM promedio | 15.7 |
| APM pico | 50 |
| eAPM promedio | 9.6 |
| Aldeanos / militares | 59 / 85 |
Foco
⚔️ 35.2% · 🌾 64.8%
Archer ×44 · Genoese Crossbowman ×41
Feudal
12:02
Castillos
15:41
Imperial
34:25
| APM promedio | 46.6 |
| APM pico | 103 |
| eAPM promedio | 26.8 |
| Aldeanos / militares | 84 / 53 |
Foco
⚔️ 27.5% · 🌾 72.5%
War Wagon ×45 · Iron Pagoda ×8
Feudal
9:28
Castillos
21:36
Imperial
37:26
| APM promedio | 28.1 |
| APM pico | 50 |
| eAPM promedio | 15.9 |
| Aldeanos / militares | 92 / 72 |
Foco
⚔️ 27.1% · 🌾 72.9%
Camel Scout ×29 · Scout Cavalry ×22 · Knight ×14 · Cataphract ×6 · Spearman ×1
Feudal
10:38
Castillos
19:55
Imperial
—
| APM promedio | 36.8 |
| APM pico | 86 |
| eAPM promedio | 17.8 |
| Aldeanos / militares | 88 / 86 |
Foco
⚔️ 34.6% · 🌾 65.4%
Skirmisher ×56 · Archer ×22 · Battering Ram ×5 · Mangonel ×3
Mapa de la partida
Recursos iniciales + cada clic de construcción. Líneas = muros · curvas = relieve. ◆ oro · ⬟ piedra · ● bayas · ✦ reliquia · ◌ hueco del cierre
Tu base· Abierta — hueco de 12t
Base de Housed· Abierta — hueco de 5t
Base de SweetLou 11· Abierta — hueco de 10t
Base de CQ.Mini Groot· Abierta — hueco de 4t
Terreno inicial suavizado · ◌ = hueco del cierre detectado · pasá el cursor para detalles
Inputs por minuto
— buzz155 - - Housed
Build order — buzz155
Primeras 150 de 161 acciones detectadas
| 0:07 | Construir | Town Center |
| 1:17 | Crear | Villager (Male) |
| 1:17 | Crear | Villager (Male) |
| 1:18 | Crear | Villager (Male) |
| 1:18 | Crear | Villager (Male) |
| 1:50 | Crear | Villager (Male) |
| 1:50 | Crear | Villager (Male) |
| 2:16 | Construir | Lumber Camp |
| 2:31 | Crear | Villager (Male) |
| 2:49 | Crear | Villager (Male) |
| 3:33 | Crear | Villager (Male) |
| 3:53 | Crear | Villager (Male) |
| 4:28 | Crear | Villager (Male) |
| 5:12 | Crear | Villager (Male) |
| 5:12 | Crear | Villager (Male) |
| 6:02 | Crear | Villager (Male) |
| 6:03 | Crear | Villager (Male) |
| 7:13 | Investigar | Loom |
| 7:55 | Crear | Villager (Male) |
| 7:59 | Construir | House |
| 8:40 | Construir | Mining Camp |
| 8:56 | Construir | Mining Camp |
| 9:12 | Investigar | Feudal Age |
| 9:22 | Construir | Mill |
| 10:16 | Crear | Villager (Male) |
| 10:25 | Construir | Barracks |
| 10:51 | Crear | Villager (Male) |
| 11:22 | Edad | Edad Feudal |
| 11:32 | Construir | Blacksmith |
| 11:38 | Construir | Archery Range |
| 12:35 | Investigar | Castle Age |
| 12:45 | Construir | House |
| 12:49 | Crear | Archer |
| 12:49 | Crear | Archer |
| 12:49 | Crear | Archer |
| 13:03 | Construir | Archery Range |
| 13:08 | Crear | Archer |
| 14:05 | Investigar | Fletching |
| 14:07 | Investigar | Padded Archer Armor |
| 14:26 | Crear | Villager (Male) |
| 14:26 | Crear | Villager (Male) |
| 14:40 | Crear | Archer |
| 14:41 | Crear | Archer |
| 15:07 | Crear | Archer |
| 15:07 | Crear | Archer |
| 15:15 | Edad | Edad de los Castillos |
| 15:16 | Construir | Market |
| 15:32 | Crear | Villager (Male) |
| 15:33 | Crear | Villager (Male) |
| 15:55 | Crear | Archer |
| 16:05 | Construir | House |
| 16:11 | Construir | Mining Camp |
| 16:19 | Construir | House |
| 16:48 | Investigar | Crossbowman (upgrade) |
| 16:51 | Crear | Archer |
| 16:51 | Crear | Archer |
| 17:02 | Crear | Villager (Male) |
| 17:41 | Crear | Archer ×2 |
| 17:41 | Crear | Archer ×2 |
| 18:14 | Crear | Villager (Male) |
| 18:14 | Crear | Villager (Male) |
| 18:24 | Investigar | Double-Bit Axe |
| 18:48 | Construir | Farm |
| 18:49 | Construir | Farm |
| 18:49 | Construir | Farm |
| 18:49 | Construir | Farm |
| 18:50 | Construir | Farm |
| 19:15 | Crear | Archer |
| 19:15 | Crear | Archer |
| 21:08 | Crear | Villager (Male) |
| 21:08 | Crear | Villager (Male) |
| 21:35 | Crear | Villager (Male) |
| 21:35 | Crear | Villager (Male) |
| 21:39 | Construir | House |
| 22:01 | Construir | House |
| 22:06 | Construir | Castle |
| 22:12 | Construir | House |
| 22:20 | Construir | University |
| 22:34 | Crear | Archer ×5 |
| 22:35 | Crear | Archer ×5 |
| 22:35 | Crear | Archer ×5 |
| 22:36 | Crear | Archer |
| 23:28 | Crear | Archer ×3 |
| 23:35 | Crear | Villager (Male) |
| 23:53 | Crear | Villager (Male) |
| 23:53 | Crear | Villager (Male) |
| 24:15 | Investigar | Ballistics |
| 24:48 | Crear | Villager (Male) |
| 24:48 | Crear | Villager (Male) |
| 25:26 | Construir | Town Center |
| 25:32 | Crear | Archer ×4 |
| 25:32 | Crear | Archer ×4 |
| 25:47 | Crear | Villager (Male) |
| 25:47 | Crear | Villager (Male) |
| 27:24 | Crear | Villager (Male) |
| 27:25 | Crear | Villager (Male) |
| 27:43 | Construir | Farm |
| 27:44 | Construir | Farm |
| 27:44 | Construir | Farm |
| 27:45 | Construir | Farm |
| 28:02 | Investigar | Horse Collar |
| 28:06 | Construir | Farm |
| 28:10 | Construir | Farm |
| 28:41 | Construir | Farm |
| 28:56 | Crear | Villager (Male) |
| 29:14 | Construir | Castle |
| 29:18 | Construir | Mining Camp |
| 30:09 | Construir | Farm |
| 30:11 | Crear | Villager (Male) |
| 30:11 | Crear | Villager (Male) |
| 30:11 | Crear | Villager (Male) |
| 30:12 | Crear | Villager (Male) |
| 30:24 | Investigar | Bodkin Arrow |
| 30:28 | Crear | Genoese Crossbowman ×5 |
| 30:29 | Crear | Genoese Crossbowman ×5 |
| 30:37 | Crear | Villager (Male) |
| 30:40 | Construir | Farm |
| 30:56 | Crear | Villager (Male) |
| 30:56 | Crear | Villager (Male) |
| 31:12 | Crear | Villager (Male) |
| 31:12 | Crear | Villager (Male) |
| 31:16 | Construir | Farm |
| 31:28 | Crear | Genoese Crossbowman |
| 31:28 | Crear | Genoese Crossbowman |
| 31:29 | Crear | Genoese Crossbowman |
| 31:48 | Construir | Farm |
| 31:59 | Crear | Villager (Male) |
| 31:59 | Crear | Villager (Male) |
| 32:06 | Crear | Genoese Crossbowman |
| 32:06 | Crear | Genoese Crossbowman |
| 32:28 | Construir | Farm |
| 32:32 | Investigar | Leather Archer Armor |
| 32:36 | Crear | Genoese Crossbowman |
| 32:36 | Crear | Genoese Crossbowman |
| 32:42 | Crear | Villager (Male) |
| 32:55 | Investigar | Bow Saw |
| 33:02 | Crear | Genoese Crossbowman |
| 33:02 | Crear | Genoese Crossbowman |
| 33:02 | Crear | Genoese Crossbowman |
| 33:17 | Crear | Villager (Male) |
| 33:17 | Crear | Villager (Male) |
| 33:35 | Crear | Villager (Male) |
| 33:38 | Construir | Farm |
| 34:05 | Construir | Farm |
| 34:11 | Construir | Farm |
| 35:19 | Crear | Villager (Male) |
| 35:19 | Crear | Villager (Male) |
| 35:35 | Construir | Farm |
| 35:35 | Construir | Farm |
| 36:03 | Investigar | Imperial Age |
Build order — Housed
Primeras 150 de 227 acciones detectadas
| 0:04 | Construir | Town Center |
| 1:05 | Crear | Villager (Male) |
| 1:05 | Crear | Villager (Male) |
| 1:26 | Crear | Villager (Male) |
| 1:26 | Crear | Villager (Male) |
| 1:53 | Crear | Villager (Male) |
| 1:54 | Crear | Villager (Male) |
| 2:20 | Crear | Villager (Male) |
| 2:20 | Crear | Villager (Male) |
| 2:35 | Crear | Villager (Male) |
| 2:35 | Crear | Villager (Male) |
| 2:50 | Construir | Lumber Camp |
| 3:56 | Crear | Villager (Male) |
| 3:56 | Crear | Villager (Male) |
| 4:15 | Crear | Villager (Male) |
| 4:15 | Crear | Villager (Male) |
| 4:16 | Crear | Villager (Male) |
| 4:34 | Construir | Mill |
| 4:42 | Crear | Villager (Male) |
| 5:23 | Construir | Palisade Wall |
| 5:29 | Construir | House |
| 5:30 | Construir | Palisade Wall |
| 6:05 | Construir | Mill |
| 6:13 | Construir | Mill |
| 6:29 | Crear | Villager (Male) |
| 6:34 | Construir | Palisade Wall |
| 6:46 | Construir | House |
| 6:57 | Crear | Villager (Male) |
| 6:58 | Crear | Villager (Male) |
| 7:30 | Crear | Villager (Male) |
| 7:36 | Crear | Villager (Male) |
| 8:18 | Construir | Mining Camp |
| 8:27 | Investigar | Loom |
| 8:28 | Investigar | Feudal Age |
| 8:32 | Crear | Villager (Male) |
| 8:33 | Investigar | Loom |
| 8:33 | Investigar | Feudal Age |
| 8:41 | Crear | Villager (Male) |
| 8:42 | Investigar | Loom |
| 8:42 | Investigar | Feudal Age |
| 10:22 | Construir | Mining Camp |
| 10:58 | Construir | Mill |
| 11:55 | Crear | Villager (Male) |
| 11:55 | Crear | Villager (Male) |
| 12:02 | Edad | Edad Feudal |
| 12:11 | Construir | Blacksmith |
| 12:14 | Construir | Market |
| 12:49 | Construir | Palisade Wall |
| 12:50 | Construir | Palisade Wall |
| 12:52 | Construir | Palisade Wall |
| 12:53 | Construir | Palisade Wall |
| 12:54 | Construir | Palisade Wall |
| 12:55 | Construir | Palisade Wall |
| 12:55 | Construir | Palisade Wall |
| 12:56 | Construir | Palisade Wall |
| 13:01 | Investigar | Castle Age |
| 13:01 | Investigar | Castle Age |
| 13:31 | Crear | Villager (Male) |
| 13:32 | Crear | Villager (Male) |
| 13:36 | Investigar | Fletching |
| 13:41 | Investigar | Gold Mining |
| 14:06 | Construir | Mill |
| 14:17 | Construir | Watch Tower |
| 14:26 | Construir | House |
| 14:55 | Construir | House |
| 14:57 | Construir | House |
| 15:00 | Construir | Palisade Wall |
| 15:41 | Edad | Edad de los Castillos |
| 15:43 | Crear | Villager (Male) |
| 15:43 | Crear | Villager (Male) |
| 15:47 | Construir | Castle |
| 16:08 | Investigar | Double-Bit Axe |
| 16:11 | Construir | Palisade Wall |
| 16:13 | Construir | Palisade Wall |
| 16:38 | Crear | Villager (Male) |
| 16:39 | Crear | Villager (Male) |
| 16:51 | Crear | War Wagon |
| 16:51 | Crear | War Wagon |
| 16:51 | Crear | War Wagon |
| 17:15 | Construir | Mining Camp |
| 17:18 | Crear | Villager (Male) |
| 17:24 | Crear | War Wagon |
| 17:24 | Crear | War Wagon |
| 18:03 | Construir | Palisade Wall |
| 18:08 | Construir | Palisade Wall |
| 18:09 | Construir | Palisade Wall |
| 18:13 | Construir | Palisade Wall |
| 18:19 | Crear | Villager (Male) |
| 18:19 | Crear | Villager (Male) |
| 18:25 | Crear | War Wagon |
| 18:29 | Crear | War Wagon |
| 18:30 | Crear | War Wagon |
| 18:31 | Crear | Villager (Male) |
| 18:31 | Crear | Villager (Male) |
| 19:05 | Crear | War Wagon |
| 19:06 | Crear | War Wagon |
| 19:23 | Crear | Villager (Male) |
| 19:47 | Construir | Farm |
| 20:38 | Crear | Villager (Male) |
| 20:39 | Crear | Villager (Male) |
| 20:46 | Crear | War Wagon |
| 20:46 | Crear | War Wagon |
| 21:00 | Crear | Villager (Male) |
| 21:00 | Crear | Villager (Male) |
| 21:12 | Crear | War Wagon |
| 21:12 | Crear | War Wagon |
| 21:46 | Crear | War Wagon |
| 21:50 | Crear | Villager (Male) |
| 22:13 | Construir | Siege Workshop |
| 22:16 | Crear | War Wagon |
| 22:19 | Crear | Villager (Male) |
| 22:20 | Crear | Villager (Male) |
| 22:40 | Crear | War Wagon |
| 22:40 | Crear | War Wagon |
| 23:08 | Construir | Farm |
| 23:20 | Investigar | Bodkin Arrow |
| 23:21 | Investigar | Bodkin Arrow |
| 23:24 | Crear | Iron Pagoda |
| 23:24 | Crear | Iron Pagoda |
| 23:32 | Construir | House |
| 23:54 | Crear | War Wagon |
| 24:22 | Construir | Castle |
| 24:29 | Crear | Iron Pagoda |
| 24:55 | Construir | Castle |
| 25:04 | Crear | War Wagon |
| 25:04 | Crear | War Wagon |
| 25:11 | Crear | Villager (Male) |
| 25:13 | Construir | Farm |
| 25:16 | Crear | Villager (Male) |
| 25:21 | Crear | Villager (Male) |
| 25:24 | Construir | Farm |
| 25:40 | Crear | Villager (Male) |
| 25:52 | Construir | Farm |
| 26:03 | Construir | Mill |
| 26:18 | Construir | Farm |
| 26:23 | Crear | Villager (Male) |
| 26:23 | Crear | Villager (Male) |
| 26:46 | Construir | Farm |
| 26:47 | Crear | Villager (Male) |
| 27:26 | Crear | Villager (Male) |
| 27:34 | Construir | University |
| 27:35 | Crear | Villager (Male) |
| 27:35 | Crear | Villager (Male) |
| 28:45 | Crear | Villager (Male) |
| 28:45 | Crear | Villager (Male) |
| 28:49 | Investigar | Bow Saw |
| 28:49 | Investigar | Bow Saw |
| 28:51 | Crear | Villager (Male) |
| 28:51 | Crear | Villager (Male) |
| 29:08 | Crear | Villager (Male) |
Build order — SweetLou 11
Primeras 150 de 244 acciones detectadas
| 0:03 | Construir | Town Center |
| 1:03 | Crear | Villager (Male) |
| 1:03 | Crear | Villager (Male) |
| 1:03 | Crear | Villager (Male) |
| 1:04 | Crear | Villager (Male) |
| 1:04 | Crear | Villager (Male) |
| 2:08 | Crear | Villager (Male) |
| 2:47 | Crear | Villager (Male) |
| 3:07 | Construir | Lumber Camp |
| 3:09 | Crear | Villager (Male) |
| 3:43 | Crear | Villager (Male) |
| 3:44 | Crear | Villager (Male) |
| 4:22 | Crear | Villager (Male) |
| 4:22 | Crear | Villager (Male) |
| 4:22 | Crear | Villager (Male) |
| 4:23 | Crear | Villager (Male) |
| 4:23 | Crear | Villager (Male) |
| 4:53 | Crear | Villager (Male) |
| 6:06 | Construir | Barracks |
| 6:14 | Construir | Barracks |
| 6:20 | Construir | Mining Camp |
| 6:50 | Investigar | Loom |
| 7:01 | Investigar | Feudal Age |
| 7:14 | Construir | House |
| 7:35 | Construir | Mill |
| 9:28 | Crear | Villager (Male) |
| 9:28 | Edad | Edad Feudal |
| 9:28 | Crear | Villager (Male) |
| 9:35 | Construir | Stable |
| 10:08 | Crear | Villager (Male) |
| 10:25 | Construir | Blacksmith |
| 10:44 | Crear | Spearman |
| 10:48 | Crear | Scout Cavalry |
| 10:54 | Construir | Palisade Gate |
| 10:56 | Construir | House |
| 11:13 | Construir | Palisade Wall |
| 11:18 | Crear | Villager (Male) |
| 11:26 | Crear | Villager (Male) |
| 11:31 | Construir | House |
| 11:37 | Crear | Scout Cavalry |
| 11:43 | Investigar | Double-Bit Axe |
| 11:50 | Construir | House |
| 11:52 | Construir | House |
| 11:54 | Construir | House |
| 12:00 | Crear | Villager (Male) |
| 12:10 | Construir | Palisade Gate |
| 12:15 | Crear | Villager (Male) |
| 12:20 | Construir | House |
| 12:26 | Construir | Palisade Wall |
| 12:30 | Crear | Villager (Male) |
| 12:31 | Crear | Scout Cavalry |
| 12:52 | Construir | House |
| 12:59 | Investigar | Horse Collar |
| 13:03 | Crear | Scout Cavalry |
| 13:10 | Construir | Mining Camp |
| 13:17 | Crear | Villager (Male) |
| 13:26 | Construir | Farm |
| 13:28 | Construir | Farm |
| 13:42 | Construir | Farm |
| 13:44 | Crear | Scout Cavalry |
| 14:05 | Construir | Farm |
| 14:06 | Construir | Farm |
| 14:07 | Crear | Villager (Male) |
| 14:17 | Investigar | Scale Barding Armor |
| 14:26 | Construir | Farm |
| 14:35 | Construir | Farm |
| 14:36 | Crear | Villager (Male) |
| 15:18 | Crear | Villager (Male) |
| 15:18 | Crear | Villager (Male) |
| 15:21 | Construir | Farm |
| 15:22 | Construir | Farm |
| 16:12 | Crear | Villager (Male) |
| 16:14 | Construir | Farm |
| 16:16 | Construir | Farm |
| 16:18 | Construir | Farm |
| 16:21 | Crear | Villager (Male) |
| 16:44 | Construir | Farm |
| 16:51 | Construir | Mill |
| 16:52 | Construir | Farm |
| 16:52 | Construir | Farm |
| 16:52 | Construir | Farm |
| 16:53 | Construir | Farm |
| 16:53 | Construir | Farm |
| 16:53 | Construir | Farm |
| 16:59 | Crear | Villager (Male) |
| 17:36 | Investigar | Wheelbarrow |
| 18:54 | Construir | Market |
| 18:56 | Investigar | Castle Age |
| 19:25 | Investigar | Forging |
| 19:38 | Construir | Stable |
| 19:41 | Construir | House |
| 19:45 | Construir | House |
| 19:49 | Construir | House |
| 20:09 | Crear | Scout Cavalry |
| 20:15 | Construir | House |
| 21:06 | Construir | Stable |
| 21:36 | Edad | Edad de los Castillos |
| 21:54 | Construir | Town Center |
| 21:58 | Crear | Knight |
| 21:59 | Crear | Knight |
| 22:04 | Investigar | Iron Casting |
| 22:05 | Crear | Villager (Male) |
| 22:05 | Crear | Villager (Male) |
| 22:23 | Construir | Town Center |
| 22:26 | Crear | Knight |
| 22:36 | Crear | Villager (Male) |
| 22:39 | Crear | Villager (Male) |
| 22:40 | Crear | Villager (Male) |
| 22:53 | Construir | Farm |
| 22:57 | Investigar | Husbandry |
| 23:07 | Construir | House |
| 23:12 | Crear | Villager (Male) |
| 23:46 | Crear | Villager (Male) |
| 23:49 | Crear | Villager (Male) |
| 24:02 | Crear | Villager (Male) |
| 24:06 | Crear | Villager (Male) |
| 24:07 | Crear | Villager (Male) |
| 24:07 | Crear | Villager (Male) |
| 24:08 | Crear | Villager (Male) |
| 24:12 | Crear | Villager (Male) |
| 24:12 | Crear | Villager (Male) |
| 24:35 | Crear | Villager (Male) |
| 24:36 | Crear | Villager (Male) |
| 24:37 | Crear | Villager (Male) |
| 24:38 | Crear | Villager (Male) |
| 24:38 | Crear | Villager (Male) |
| 24:55 | Crear | Knight |
| 25:01 | Crear | Villager (Male) |
| 25:02 | Crear | Villager (Male) |
| 25:02 | Crear | Villager (Male) |
| 25:02 | Crear | Villager (Male) |
| 25:20 | Crear | Villager (Male) |
| 25:22 | Crear | Villager (Male) |
| 25:45 | Crear | Villager (Male) |
| 25:52 | Construir | Castle |
| 26:00 | Construir | Gate |
| 26:09 | Investigar | Hand Cart |
| 26:12 | Crear | Villager (Male) |
| 26:20 | Crear | Villager (Male) |
| 26:22 | Construir | Farm |
| 26:23 | Construir | Farm |
| 26:26 | Construir | Farm |
| 26:32 | Crear | Knight |
| 26:41 | Crear | Knight |
| 26:51 | Construir | Stone Wall |
| 27:13 | Crear | Knight |
| 27:17 | Crear | Villager (Male) |
| 27:38 | Crear | Knight |
| 27:38 | Crear | Knight |
| 27:39 | Crear | Knight |
Build order — CQ.Mini Groot
Primeras 150 de 235 acciones detectadas
| 0:11 | Construir | Town Center |
| 1:27 | Crear | Villager (Male) |
| 1:27 | Crear | Villager (Male) ×3 |
| 1:27 | Crear | Villager (Male) ×3 |
| 2:20 | Crear | Villager (Male) |
| 2:20 | Crear | Villager (Male) |
| 3:30 | Construir | Mill |
| 3:37 | Crear | Villager (Male) |
| 3:37 | Crear | Villager (Male) |
| 4:03 | Crear | Villager (Male) |
| 4:03 | Crear | Villager (Male) |
| 4:13 | Investigar | Loom |
| 4:25 | Crear | Villager (Male) |
| 4:25 | Crear | Villager (Male) |
| 4:35 | Construir | House |
| 4:38 | Construir | House |
| 5:01 | Crear | Villager (Male) |
| 5:01 | Crear | Villager (Male) |
| 5:01 | Crear | Villager (Male) |
| 5:41 | Crear | Villager (Male) |
| 5:54 | Construir | Barracks |
| 6:24 | Crear | Villager (Male) |
| 6:51 | Construir | Mill |
| 6:53 | Crear | Villager (Male) |
| 7:12 | Crear | Villager (Male) |
| 7:14 | Crear | Villager (Male) |
| 8:19 | Construir | Mining Camp |
| 8:28 | Investigar | Feudal Age |
| 8:29 | Investigar | Feudal Age |
| 9:53 | Crear | Villager (Male) |
| 9:53 | Crear | Villager (Male) |
| 10:38 | Edad | Edad Feudal |
| 10:45 | Construir | Archery Range |
| 10:48 | Construir | Archery Range |
| 10:52 | Construir | Archery Range |
| 11:09 | Construir | Blacksmith |
| 11:12 | Crear | Villager (Male) |
| 11:22 | Crear | Villager (Male) |
| 11:48 | Crear | Archer |
| 11:48 | Crear | Archer |
| 11:53 | Construir | House |
| 11:54 | Construir | House |
| 12:06 | Crear | Archer |
| 12:06 | Crear | Archer |
| 12:09 | Investigar | Fletching |
| 12:10 | Investigar | Padded Archer Armor |
| 12:12 | Crear | Villager (Male) |
| 12:13 | Crear | Villager (Male) |
| 12:30 | Crear | Archer |
| 12:42 | Construir | Palisade Wall |
| 12:51 | Crear | Archer |
| 12:52 | Crear | Archer |
| 12:54 | Crear | Villager (Male) |
| 13:10 | Crear | Archer |
| 13:29 | Crear | Archer |
| 13:29 | Crear | Archer |
| 13:37 | Construir | Palisade Wall |
| 13:48 | Construir | House |
| 13:50 | Construir | House |
| 13:53 | Construir | Palisade Wall |
| 13:56 | Crear | Villager (Male) |
| 14:03 | Crear | Archer |
| 14:03 | Crear | Archer |
| 14:57 | Construir | Market |
| 15:00 | Crear | Villager (Male) |
| 15:25 | Crear | Villager (Male) |
| 15:30 | Construir | Lumber Camp |
| 15:50 | Construir | Palisade Gate |
| 15:55 | Crear | Villager (Male) |
| 16:46 | Construir | Mill |
| 16:52 | Construir | Archery Range |
| 17:15 | Investigar | Castle Age |
| 17:15 | Investigar | Castle Age |
| 18:07 | Crear | Archer ×4 |
| 18:07 | Crear | Archer ×4 |
| 18:13 | Construir | Farm |
| 18:17 | Construir | Farm |
| 18:22 | Construir | Farm |
| 18:44 | Construir | House |
| 18:45 | Construir | House |
| 18:47 | Construir | House |
| 19:02 | Investigar | Scale Mail Armor |
| 19:16 | Crear | Skirmisher |
| 19:16 | Crear | Skirmisher |
| 19:17 | Crear | Skirmisher |
| 19:17 | Crear | Skirmisher |
| 19:40 | Construir | Lumber Camp |
| 19:47 | Crear | Skirmisher |
| 19:48 | Crear | Skirmisher |
| 19:48 | Crear | Skirmisher |
| 19:55 | Edad | Edad de los Castillos |
| 19:58 | Investigar | Elite Skirmisher (upgrade) |
| 20:21 | Crear | Skirmisher |
| 20:21 | Crear | Skirmisher |
| 20:21 | Crear | Skirmisher |
| 20:34 | Crear | Skirmisher |
| 20:34 | Crear | Skirmisher |
| 21:02 | Construir | Farm |
| 21:06 | Crear | Skirmisher |
| 21:06 | Crear | Skirmisher |
| 21:14 | Crear | Skirmisher |
| 21:14 | Crear | Skirmisher |
| 21:35 | Crear | Skirmisher |
| 21:36 | Crear | Skirmisher |
| 21:52 | Construir | University |
| 21:58 | Crear | Skirmisher |
| 21:58 | Crear | Skirmisher |
| 22:15 | Investigar | Leather Archer Armor |
| 22:18 | Crear | Skirmisher ×3 |
| 22:18 | Crear | Skirmisher ×3 |
| 22:23 | Construir | House |
| 22:24 | Construir | House |
| 22:25 | Construir | House |
| 22:53 | Construir | Castle |
| 23:07 | Crear | Villager (Male) |
| 23:07 | Crear | Villager (Male) |
| 23:23 | Investigar | Ballistics |
| 23:23 | Investigar | Ballistics |
| 23:50 | Crear | Villager (Male) |
| 23:50 | Crear | Villager (Male) |
| 23:50 | Crear | Villager (Male) |
| 23:51 | Crear | Villager (Male) |
| 23:55 | Construir | Farm |
| 24:08 | Construir | Mining Camp |
| 24:20 | Crear | Skirmisher |
| 24:20 | Crear | Skirmisher |
| 24:49 | Crear | Skirmisher ×2 |
| 24:49 | Crear | Skirmisher ×2 |
| 24:58 | Crear | Skirmisher |
| 24:58 | Crear | Skirmisher |
| 25:00 | Crear | Skirmisher |
| 25:25 | Crear | Villager (Male) |
| 25:25 | Crear | Villager (Male) |
| 25:29 | Construir | Farm |
| 25:35 | Crear | Villager (Male) |
| 25:35 | Crear | Villager (Male) |
| 25:36 | Crear | Villager (Male) |
| 25:42 | Crear | Archer |
| 25:42 | Crear | Archer |
| 25:50 | Crear | Skirmisher |
| 25:51 | Crear | Skirmisher |
| 25:57 | Investigar | Bodkin Arrow |
| 25:57 | Investigar | Bodkin Arrow |
| 25:59 | Crear | Villager (Male) |
| 25:59 | Crear | Villager (Male) |
| 25:59 | Crear | Villager (Male) |
| 26:04 | Construir | Farm |
| 26:23 | Investigar | Double-Bit Axe |
| 26:41 | Crear | Villager (Male) |
| 26:41 | Crear | Villager (Male) |
Cronología de la partida
| 5:23 | Housed · wall_segment Palisade Wall x11 |
| 5:30 | Housed · wall_segment Palisade Wall x1 |
| 5:54 | CQ.Mini Groot · first_building Barracks |
| 6:06 | SweetLou 11 · first_building Barracks |
| 6:34 | Housed · wall_segment Palisade Wall x1 |
| 9:28 | SweetLou 11 · age_up feudal |
| 9:35 | SweetLou 11 · first_building Stable |
| 10:25 | buzz155 · first_building Barracks |
| 10:38 | CQ.Mini Groot · age_up feudal |
| 10:45 | CQ.Mini Groot · first_building Archery Range |
| 11:13 | SweetLou 11 · wall_segment Palisade Wall x3 |
| 11:22 | buzz155 · age_up feudal |
| 11:38 | buzz155 · first_building Archery Range |
| 12:02 | Housed · age_up feudal |
| 12:26 | SweetLou 11 · wall_segment Palisade Wall x4 |
| 12:42 | CQ.Mini Groot · wall_segment Palisade Wall x5 |
| 12:49 | Housed · wall_segment Palisade Wall x1 |
| 12:50 | Housed · wall_segment Palisade Wall x1 |
| 12:52 | Housed · wall_segment Palisade Wall x1 |
| 12:53 | Housed · wall_segment Palisade Wall x1 |
| 12:54 | Housed · wall_segment Palisade Wall x1 |
| 12:55 | Housed · wall_segment Palisade Wall x1 |
| 12:55 | Housed · wall_segment Palisade Wall x1 |
| 12:56 | Housed · wall_segment Palisade Wall x1 |
| 13:37 | CQ.Mini Groot · wall_segment Palisade Wall x9 |
| 13:53 | CQ.Mini Groot · wall_segment Palisade Wall x11 |
| 15:00 | Housed · wall_segment Palisade Wall x1 |
| 15:15 | buzz155 · age_up castle |
| 15:41 | Housed · age_up castle |
| 15:47 | Housed · first_building Castle |
| 16:11 | Housed · wall_segment Palisade Wall x1 |
| 16:13 | Housed · wall_segment Palisade Wall x1 |
| 16:27 | CQ.Mini Groot · first_market_buy 100 food |
| 16:29 | CQ.Mini Groot · first_market_sell 100 wood |
| 18:03 | Housed · wall_segment Palisade Wall x1 |
| 18:08 | Housed · wall_segment Palisade Wall x1 |
| 18:09 | Housed · wall_segment Palisade Wall x1 |
| 18:13 | Housed · wall_segment Palisade Wall x1 |
| 19:55 | CQ.Mini Groot · age_up castle |
| 21:36 | SweetLou 11 · age_up castle |
| 22:06 | buzz155 · first_building Castle |
| 22:13 | Housed · first_building Siege Workshop |
| 22:14 | SweetLou 11 · first_market_sell 100 food |
| 22:15 | SweetLou 11 · first_market_buy 100 wood |
| 22:52 | Housed · first_market_buy 100 food |
| 22:53 | CQ.Mini Groot · first_building Castle |
| 25:18 | buzz155 · first_market_buy 100 wood |
| 25:52 | SweetLou 11 · first_building Castle |
| 26:51 | SweetLou 11 · wall_segment Stone Wall x11 |
| 27:02 | CQ.Mini Groot · first_building Siege Workshop |
| 30:55 | Housed · first_market_sell 100 stone |
| 34:25 | Housed · age_up imperial |
| 35:14 | buzz155 · tribute_sent a jugador 1 |
| 35:14 | buzz155 · tribute_sent a jugador 2 |
| 35:14 | buzz155 · tribute_sent a jugador 4 |
| 37:26 | SweetLou 11 · age_up imperial |
| 37:34 | Housed · resign |
[ ANÁLISIS IA · 1 CRÉDITO ]
¿Qué pasó realmente en esta partida?
Wolo.gg analiza cada decisión: build order, eco, micro, errores típicos por bracket. Análisis personalizado por WhatsApp o Discord en 30 segundos.
Guía civ
Italianos
Perfil
buzz155